Warning! The script has encountered some errors when parsing the replay. Please report them to the . » details
0x00, prev: 0x16: 16 02 0C 00 88 74 00 00 C3 53 08 00 34 17 00 00 4C C7 09 00 1E 67 00 00 94 E6 00 00 56 3E 00 00 0A 8A 0E 00 ED 60 00 00 33 24 0B 00 22 69 00 00 AD DD 0C 00 0C 6A 00 00 E1 6E 0B 00 23 70 00 00 2D 8A 0E 00 4D 74 00 00 D2 DD 0C 00 96 76 00 00 50 8A 0E 00 1C 7B 00 00 40 DA 07 00 94 80 00 00 EA 26 0D 00 [00] 00 00 00 00 00 00 00 00 00 00 00 00 00 00 00 00 00 00 00 00 00 00 00 00 00
0x00, prev: 0x00: 16 02 0C 00 88 74 00 00 C3 53 08 00 34 17 00 00 4C C7 09 00 1E 67 00 00 94 E6 00 00 56 3E 00 00 0A 8A 0E 00 ED 60 00 00 33 24 0B 00 22 69 00 00 AD DD 0C 00 0C 6A 00 00 E1 6E 0B 00 23 70 00 00 2D 8A 0E 00 4D 74 00 00 D2 DD 0C 00 96 76 00 00 50 8A 0E 00 1C 7B 00 00 40 DA 07 00 94 80 00 00 EA 26 0D 00 00 00 00 00 00 00 00 00 00 00 00 00 00 00 00 00 00 00 00 00 00 00 00 00 [00] 00
General information
- name: BNet
- type: Ladder team game (AT/RT)
- host: Battle.net
- saver: SundaySuckday
map: Monsoon
- players: 6
- length: 42:18
- speed: Fast
- version: 1.23 W3XP
- replay type: Public
» download(184 KB)
Players
team 1 (loser)

»
A-T-T-I-L-L-A (
purple | 22 APM | 923 actions | 42:18)
5 Death Knight
2 Unholy Aura
1 Death Coil
2 Death Pact
» actions
| Basic commands | 38 | |
| Build / train | 113 | |
| ESC pressed | 4 | |
| Enter build submenu | 28 | |
| Enter hero's abilities submenu | 4 | |
| Remove unit from queue | 3 | |
| Right click | 276 | |
| Select / deselect | 397 | |
| Use ability | 60 | |
923 total
» units
| Acolyte | 11 | |
| Ghoul | 23 | |
| Crypt Fiend | 17 | |
| Gargoyle | 1 | |
| Necromancer | 4 | |
| Banshee | 3 | |
| Meatwagon | 4 | |
| Obsidian Statue | 7 | |
| Abomination | 1 | |
| Mud Golem | 1 | |
| Ogre Magi | 1 | |
| Gnoll Warden | 1 | |
74 total
» upgrades
| Cannibalize | 1 | |
| Unholy Strength | 1 | |
| Unholy Armor | 1 | |
| Creature Carapace | 1 | |
| Creature Attack | 1 | |
| Necromancer Training | 2 | |
| Banshee Training | 2 | |
| Skeletal Longevity | 1 | |
| Exhume Corpses | 1 | |
| Burrow | 1 | |
| Web | 1 | |
| Skeletal Mastery | 1 | |
| Destroyer Form | 1 | |
| Disease Cloud | 1 | |
| Freezing Breath | 1 | |
17 total
» buildings
| Altar of Darkness | 1 | |
| Ziggurat | 24 | |
| Crypt | 2 | |
| Graveyard | 1 | |
| Spirit Tower | 11 | |
| Necropolis | 1 | |
| Halls of the Dead | 1 | |
| Sacrificial Pit | 1 | |
| Temple of the Damned | 2 | |
| Slaughterhouse | 2 | |
| Black Citadel | 1 | |
| Tomb of Relics | 1 | |
| Boneyard | 1 | |
49 total
» build order
00:14 Altar of Darkness
00:22 Ziggurat
01:08 Crypt
01:14 Ziggurat
01:41 Graveyard
02:05 Ziggurat
02:22 Crypt
02:57 Ziggurat
03:27 Spirit Tower
04:10 Spirit Tower
06:41 Necropolis
07:08 Ziggurat
09:35 Ziggurat
09:39 Ziggurat
13:44 Halls of the Dead
15:28 Ziggurat
15:29 Ziggurat
15:31 Ziggurat
15:33 Ziggurat
15:36 Ziggurat
15:38 Ziggurat
15:41 Ziggurat
15:43 Ziggurat
15:44 Ziggurat
15:46 Ziggurat
15:55 Spirit Tower
15:58 Spirit Tower
16:09 Sacrificial Pit
17:00 Spirit Tower
18:08 Temple of the Damned
18:09 Temple of the Damned
19:16 Spirit Tower
20:22 Slaughterhouse
20:26 Slaughterhouse
23:08 Black Citadel
23:11 Spirit Tower
24:31 Tomb of Relics
29:15 Ziggurat
29:17 Ziggurat
29:21 Ziggurat
29:24 Ziggurat
29:26 Ziggurat
29:29 Ziggurat
29:31 Ziggurat
30:56 Spirit Tower
31:11 Spirit Tower
31:49 Spirit Tower
32:04 Spirit Tower
35:51 Boneyard
SundaySuckday (
pink | 67 APM | 2836 actions | 42:18)
10 Blood Mage
3 Flame Strike
3 Siphon Mana
1 Summon Phoenix
3 Banish
7 Dark Ranger
3 Silence
3 Life Drain
1 Charm
6 Goblin Alchemist
3 Acid Bomb
2 Healing Spray
1 Transmute
» actions
| Assign group hotkey | 96 | |
| Basic commands | 91 | |
| Build / train | 156 | |
| ESC pressed | 5 | |
| Enter build submenu | 41 | |
| Enter hero's abilities submenu | 25 | |
| Give item / drop item | 3 | |
| Right click | 1018 | |
| Select / deselect | 376 | |
| Select group hotkey | 766 | |
| Use ability | 259 | |
2836 total
» units
| Peasant | 19 | |
| Gryphon Rider | 13 | |
| Dragonhawk Rider | 1 | |
| Sorceress | 1 | |
34 total
» upgrades
| Masonry | 3 | |
| Lumber Harvesting | 2 | |
| Storm Hammers | 1 | |
| Swords | 3 | |
| Armor | 4 | |
| Magic Sentry | 1 | |
| Sorceress Training | 1 | |
15 total
» buildings
| Lumber Mill | 2 | |
| Altar of Kings | 1 | |
| Farm | 9 | |
| Scout Tower | 42 | |
| Arcane Tower | 1 | |
| Arcane Vault | 1 | |
| Guard Tower | 16 | |
| Town Hall | 1 | |
| Keep | 1 | |
| Castle | 1 | |
| Gryphon Aviary | 3 | |
| Arcane Sanctum | 2 | |
| Blacksmith | 1 | |
81 total
» build order
00:18 Lumber Mill
00:30 Altar of Kings
00:33 Farm
00:56 Scout Tower
01:17 Scout Tower
01:19 Farm
01:50 Arcane Tower
01:53 Scout Tower
02:00 Arcane Vault
02:22 Guard Tower
02:23 Scout Tower
03:03 Guard Tower
03:05 Scout Tower
03:07 Scout Tower
03:15 Scout Tower
03:16 Scout Tower
03:16 Scout Tower
03:38 Guard Tower
04:37 Guard Tower
04:59 Scout Tower
05:00 Scout Tower
05:03 Guard Tower
06:11 Town Hall
06:12 Keep
06:50 Guard Tower
08:20 Scout Tower
08:21 Scout Tower
08:23 Scout Tower
08:23 Scout Tower
08:25 Scout Tower
08:25 Scout Tower
08:26 Scout Tower
08:28 Scout Tower
08:28 Scout Tower
08:32 Scout Tower
08:33 Scout Tower
08:33 Scout Tower
08:34 Scout Tower
08:35 Scout Tower
08:35 Scout Tower
08:36 Castle
09:10 Guard Tower
09:17 Gryphon Aviary
10:35 Guard Tower
10:45 Guard Tower
11:44 Guard Tower
12:45 Gryphon Aviary
12:49 Farm
12:49 Farm
13:23 Gryphon Aviary
13:27 Farm
13:27 Farm
13:29 Farm
13:29 Farm
13:30 Farm
16:05 Arcane Sanctum
16:11 Scout Tower
16:12 Scout Tower
16:12 Scout Tower
16:13 Scout Tower
16:26 Blacksmith
16:43 Scout Tower
16:44 Scout Tower
16:44 Scout Tower
16:45 Scout Tower
16:46 Scout Tower
16:46 Scout Tower
16:46 Scout Tower
16:47 Scout Tower
16:47 Scout Tower
16:47 Scout Tower
16:48 Scout Tower
17:13 Guard Tower
17:50 Guard Tower
19:04 Guard Tower
19:12 Lumber Mill
19:23 Guard Tower
19:51 Guard Tower
21:22 Guard Tower
22:34 Arcane Sanctum
» items
| Lesser Clarity Potion | 5 | |
| Scroll of Regeneration | 14 | |
| Mechanical Critter | 8 | |
| Potion of Healing | 3 | |
| Potion of Mana | 2 | |
| Scroll of Town Portal | 10 | |
| Scroll of Healing | 2 | |
| Staff of Sanctuary | 2 | |
| Boots of Speed | 3 | |
| Orb of Corruption | 1 | |
| Staff of Teleportation | 1 | |
51 total
OptikNevr (
orange | 45 APM | 673 actions | 14:48)
5 Demon Hunter
3 Immolation
2 Evasion
» actions
| Assign group hotkey | 3 | |
| Basic commands | 19 | |
| Build / train | 51 | |
| Enter build submenu | 13 | |
| Enter hero's abilities submenu | 5 | |
| Remove unit from queue | 2 | |
| Right click | 330 | |
| Select / deselect | 201 | |
| Select group hotkey | 12 | |
| Use ability | 36 | |
673 total
» units
| Wisp | 10 | |
| Archer | 10 | |
| Huntress | 5 | |
| Faerie Dragon | 1 | |
| Druid of the Talon | 2 | |
| Dryad | 3 | |
31 total
» upgrades
| Ultravision | 1 | |
| Strength of the Wild | 1 | |
| Improved Bows | 1 | |
| Abolish Magic | 1 | |
| Reinforced Hides | 1 | |
| Druid of the Claw Training | 1 | |
6 total
» buildings
| Moon Well | 6 | |
| Altar of Elders | 1 | |
| Ancient of War | 1 | |
| Hunter's Hall | 1 | |
| Tree of Ages | 1 | |
| Ancient of Wonders | 1 | |
| Ancient of Lore | 1 | |
| Ancient of Wind | 1 | |
13 total
» build order
00:03 Moon Well
00:05 Altar of Elders
00:29 Ancient of War
01:32 Moon Well
02:31 Hunter's Hall
03:11 Moon Well
04:36 Tree of Ages
04:59 Ancient of Wonders
06:16 Moon Well
06:40 Moon Well
07:06 Ancient of Lore
07:11 Ancient of Wind
10:18 Moon Well
» items
| Circlet of Nobility | 1 | |
| Potion of Healing | 3 | |
| Potion of Mana | 1 | |
5 total
team 2 (winner)
Dauer (
blue | 40 APM | 1693 actions | 42:18)
8 Archmage
3 Summon Water Elemental
2 Brilliance Aura
2 Blizzard
1 Mass Teleport
5 Paladin
2 Divine Shield
1 Holy Light
2 Devotion Aura
» actions
| Assign group hotkey | 42 | |
| Basic commands | 54 | |
| Build / train | 184 | |
| Enter build submenu | 32 | |
| Enter hero's abilities submenu | 13 | |
| Remove unit from queue | 7 | |
| Right click | 474 | |
| Select / deselect | 479 | |
| Select group hotkey | 279 | |
| Use ability | 129 | |
1693 total
» units
| Peasant | 42 | |
| Footman | 9 | |
| Rifleman | 23 | |
| Priest | 10 | |
| Knight | 7 | |
| Gryphon Rider | 25 | |
116 total
» upgrades
| Swords | 3 | |
| Gunpowder | 2 | |
| Masonry | 1 | |
| Lumber Harvesting | 1 | |
| Armor | 3 | |
| Storm Hammers | 1 | |
| Long Rifles | 1 | |
| Animal War Training | 0 | |
| Priest Training | 1 | |
| Plating | 1 | |
14 total
» buildings
| Altar of Kings | 1 | |
| Farm | 14 | |
| Barracks | 2 | |
| Lumber Mill | 1 | |
| Scout Tower | 25 | |
| Guard Tower | 14 | |
| Arcane Vault | 1 | |
| Blacksmith | 1 | |
| Town Hall | 6 | |
| Keep | 1 | |
| Arcane Sanctum | 1 | |
| Castle | 1 | |
| Gryphon Aviary | 2 | |
70 total
» build order
00:21 Altar of Kings
00:36 Farm
00:37 Farm
00:52 Barracks
01:11 Lumber Mill
01:40 Farm
01:42 Farm
01:57 Scout Tower
02:00 Scout Tower
03:02 Guard Tower
03:08 Guard Tower
03:36 Arcane Vault
03:40 Blacksmith
04:23 Farm
04:24 Farm
05:01 Town Hall
05:37 Scout Tower
05:38 Scout Tower
06:11 Guard Tower
06:33 Guard Tower
06:48 Keep
07:56 Barracks
08:37 Farm
08:38 Farm
08:40 Farm
09:13 Arcane Sanctum
10:23 Castle
12:59 Gryphon Aviary
14:16 Farm
14:17 Farm
15:53 Town Hall
15:58 Town Hall
17:21 Scout Tower
17:21 Scout Tower
22:28 Town Hall
27:31 Town Hall
27:39 Scout Tower
27:39 Scout Tower
27:39 Scout Tower
27:40 Scout Tower
28:52 Guard Tower
28:53 Guard Tower
28:54 Guard Tower
29:00 Scout Tower
29:00 Scout Tower
29:01 Scout Tower
29:39 Guard Tower
29:54 Gryphon Aviary
30:09 Guard Tower
30:48 Guard Tower
33:13 Farm
33:14 Farm
33:14 Farm
34:27 Town Hall
34:35 Scout Tower
34:36 Scout Tower
34:36 Scout Tower
34:36 Scout Tower
34:38 Scout Tower
34:39 Scout Tower
34:39 Scout Tower
35:35 Guard Tower
35:36 Guard Tower
35:57 Guard Tower
36:48 Guard Tower
36:53 Scout Tower
36:53 Scout Tower
36:54 Scout Tower
36:54 Scout Tower
36:54 Scout Tower
» items
| Scroll of Regeneration | 3 | |
| Lesser Clarity Potion | 2 | |
| Scroll of Town Portal | 5 | |
| Orb of Fire | 1 | |
| Scroll of Healing | 1 | |
| Scroll of Protection | 3 | |
| Potion of Lesser Invulnerability | 1 | |
16 total

»
HyB-Kham (
red | 38 APM | 1605 actions | 42:18)
10 Dreadlord
3 Sleep
3 Vampiric Aura
1 Inferno
3 Carrion Swarm
» actions
| Assign group hotkey | 44 | |
| Build / train | 106 | |
| Enter build submenu | 29 | |
| Enter hero's abilities submenu | 10 | |
| Give item / drop item | 6 | |
| Right click | 525 | |
| Select / deselect | 278 | |
| Select group hotkey | 517 | |
| Use ability | 90 | |
1605 total
» units
| Acolyte | 8 | |
| Ghoul | 19 | |
| Obsidian Statue | 1 | |
| Abomination | 10 | |
| Frost Wyrm | 20 | |
| Gargoyle | 7 | |
65 total
» upgrades
| Cannibalize | 1 | |
| Unholy Armor | 2 | |
| Unholy Strength | 1 | |
| Disease Cloud | 2 | |
| Freezing Breath | 1 | |
| Creature Attack | 2 | |
| Creature Carapace | 2 | |
| Destroyer Form | 1 | |
12 total
» buildings
| Crypt | 1 | |
| Altar of Darkness | 1 | |
| Ziggurat | 9 | |
| Tomb of Relics | 1 | |
| Halls of the Dead | 1 | |
| Graveyard | 1 | |
| Slaughterhouse | 2 | |
| Black Citadel | 1 | |
| Spirit Tower | 2 | |
| Sacrificial Pit | 1 | |
| Boneyard | 2 | |
| Necropolis | 2 | |
24 total
» build order
00:13 Crypt
00:16 Altar of Darkness
00:36 Ziggurat
01:00 Tomb of Relics
01:36 Ziggurat
03:20 Halls of the Dead
04:34 Graveyard
04:49 Ziggurat
06:49 Ziggurat
06:59 Slaughterhouse
07:03 Slaughterhouse
08:02 Ziggurat
08:04 Ziggurat
08:06 Ziggurat
08:55 Black Citadel
09:36 Spirit Tower
09:52 Ziggurat
09:54 Ziggurat
10:54 Spirit Tower
16:14 Sacrificial Pit
18:00 Boneyard
18:02 Boneyard
27:00 Necropolis
31:01 Necropolis
» items
| Rod of Necromancy | 1 | |
| Dust of Appearance | 1 | |
| Scroll of Town Portal | 7 | |
| Orb of Corruption | 1 | |
| Potion of Healing | 2 | |
| Potion of Lesser Invulnerability | 1 | |
| Scroll of Healing | 1 | |
14 total
Bausch (
teal | 27 APM | 1151 actions | 42:18)
6 Lich
3 Frost Nova
2 Frost Armor
1 Death and Decay
» actions
| Assign group hotkey | 2 | |
| Build / train | 123 | |
| Enter build submenu | 25 | |
| Enter hero's abilities submenu | 6 | |
| Remove unit from queue | 9 | |
| Right click | 641 | |
| Select / deselect | 284 | |
| Select group hotkey | 1 | |
| Use ability | 60 | |
1151 total
» units
| Acolyte | 10 | |
| Ghoul | 3 | |
| Crypt Fiend | 33 | |
| Obsidian Statue | 26 | |
| Meatwagon | 18 | |
| Abomination | 5 | |
95 total
» upgrades
| Burrow | 1 | |
| Web | 1 | |
| Destroyer Form | 1 | |
3 total
» buildings
| Altar of Darkness | 1 | |
| Crypt | 1 | |
| Ziggurat | 10 | |
| Graveyard | 1 | |
| Spirit Tower | 6 | |
| Halls of the Dead | 1 | |
| Tomb of Relics | 1 | |
| Slaughterhouse | 3 | |
| Black Citadel | 1 | |
| Sacrificial Pit | 1 | |
| Boneyard | 1 | |
27 total
» build order
00:09 Altar of Darkness
00:13 Crypt
00:16 Ziggurat
00:55 Graveyard
02:28 Spirit Tower
03:15 Ziggurat
03:57 Ziggurat
04:00 Halls of the Dead
04:46 Spirit Tower
05:08 Spirit Tower
05:13 Tomb of Relics
06:19 Ziggurat
08:23 Ziggurat
08:25 Spirit Tower
08:41 Slaughterhouse
10:13 Spirit Tower
10:19 Slaughterhouse
14:37 Black Citadel
14:48 Ziggurat
18:57 Ziggurat
22:45 Ziggurat
23:04 Ziggurat
23:10 Ziggurat
26:37 Sacrificial Pit
28:16 Slaughterhouse
29:11 Spirit Tower
34:38 Boneyard
» items
Chat log
(07:25 / Allies) SundaySuckday: back
(07:26 / Allies) SundaySuckday: lure
(07:29 / Allies) SundaySuckday: ill brt
(11:54 / Allies) OptikNevr: hewlp?
(14:27 / All) OptikNevr: gg
(14:39 / Allies) OptikNevr: gj human
(18:41 / Allies) SundaySuckday: no
(18:42 / Allies) SundaySuckday: bad dog
(24:12 / Allies) SundaySuckday: if they attack me , tp and help with fiends
(24:51 / Allies) SundaySuckday: omw
(26:40 / Allies) SundaySuckday: i cant get trhu
(29:01 / Allies) SundaySuckday: towers
(31:39 / Allies) SundaySuckday: get the wyrmvs
(33:03 / Allies) SundaySuckday: back
(33:06 / Allies) SundaySuckday: b
(35:13 / Allies) SundaySuckday: b
(35:13 / Allies) SundaySuckday: b
(42:16 / All) SundaySuckday: gg